 Dungeon Crawl Stone Soup version 0.22-a0-617-g6d95e9e (webtiles) character file.

44 sking99 the Insei (level 3, -3/24 HPs)
             Began as an Octopode Transmuter on July 12, 2018.
             Slain by a gnoll
             ... wielding a +2 whip of electrocution
              (14 damage)
             ... on level 2 of the Dungeon.
             The game lasted 00:02:11 (1726 turns).

sking99 the Insei (Octopode Transmuter)             Turns: 1726, Time: 00:02:12

Health: -3/24      AC:  2    Str:  9    XL:     3   Next: 60%
Magic:  4/6        EV: 20    Int: 15    God:
Gold:   65         SH:  0    Dex: 18    Spells: 0/6 levels left

rFire    . . .     SeeInvis .     - Unarmed
rCold    . . .     Gourm    .   (shield currently unavailable)
rNeg     . . .     Faith    .   (helmet currently unavailable)
rPois    x         Spirit   .   (no amulet)
rElec    .         Reflect  .   (no ring)
rCorr    .         Harm     .   (no ring)
MR       .....                  (no ring)
Stlth    ++........             (no ring)
HPRegen  0.08/turn              (no ring)
MPRegen  0.10/turn              (no ring)
                                (no ring)
                                (no ring)

@: spider-form (expiring)
A: tiny, almost no armour, stealthy swim, (amphibious), 8 rings, (constrict 8)
a: End Transformation


You were on level 2 of the Dungeon.
You were not hungry.
You were a venomous arachnid creature.
You visited 1 branch of the dungeon, and saw 2 of its levels.

You collected 65 gold pieces.

Inventory:

Missiles
 a - 57 arrows
Jewellery
 f - a +3 ring of intelligence {unknown}
Scrolls
 b - a scroll of random uselessness {unknown}
 j - a scroll of remove curse {unknown}
 l - 2 scrolls of identify {unknown}
Potions
 d - a potion of berserk rage {unknown}
 e - 2 potions of degeneration {unknown}
 g - a potion of curing {unknown}
 h - a potion of might {unknown}
 i - a potion of agility {unknown}
Comestibles
 c - a ration
 k - a chunk of flesh


   Skills:
 + Level 1.7 Fighting
 - Level 2.0 Dodging
 * Level 3.7 Unarmed Combat
 - Level 2.0 Spellcasting
 + Level 2.4 Transmutations
 * Level 0.7 Poison Magic


You couldn't memorise any spells.
You knew the following spells:

 Your Spells              Type           Power        Failure   Level  Hunger
a - Beastly Appendage     Tmut           #.....       22%         1    #......
b - Sticks to Snakes      Tmut           #.......     28%         2    ###....
c - Spider Form           Tmut/Pois      #.........   56%         3    ###....

Your spell library contained the following spells:

 Spells                   Type           Power        Failure   Level  Hunger
 Blade Hands              Tmut           #.........   98%         5    ######.
 Ice Form                 Ice/Tmut       #.......     92%         4    #####..


Dungeon Overview and Level Annotations

Branches:
Dungeon (2/15)

Altars:

Annotations:
D:2 Sigmund


Innate Abilities, Weirdness & Mutations

You cannot wear most types of armour.
You are very stealthy in the water. (Stealth+)
((You are amphibious.))
You can wear up to eight rings at the same time.
((You can use your tentacles to constrict eight enemies at once.))
((Your skin changes colour to match your surroundings (Stealth+).))
((Your rubbery body absorbs attacks. (AC +1, EV +1)))


Message History

The gnoll is lightly wounded.
The gnoll hits you with a spear.
You hit the gnoll.
The gnoll looks as sick as possible!
The gnoll is heavily wounded.
Your transformation is almost over.
You kill the gnoll!
Items here: $ ) [ † a spear; a shield; 13 gold pieces; a gnoll corpse The gnoll completely misses you.
You barely miss the gnoll. The gnoll barely misses you.
You hit the gnoll.
The gnoll is poisoned.
The gnoll is moderately wounded.
The gnoll completely misses you. x2
You hit the gnoll.
The gnoll looks as sick as possible!
The gnoll is almost dead.
The gnoll closely misses you. The gnoll barely misses you.
The gnoll hits you with a whip of electrocution!
You are electrocuted!
Ouch! That really hurt!
You die...

##.# ##...############
#..# #.............#.#
#.##
######.####..........# #.#
##......# ##........#.
####(# ###..######
#.......... ..)..# ##..[##
#.......# ####.# #..###
#.......##. #.#
##..#############..#......
#.#
##.....)sgg..............
#.#
###..##.g............... #
#.#
#...........#...........
## #.#
############............
.###.#
##..........##......
..##.#
#>.######...##......
..##.# ###.## #...########
...#.#######...# #####
...#.........###


You could see 3 gnolls.

Vanquished Creatures
  A gnoll (D:2)
  A worm (D:2)
  3 dart slugs
  2 giant cockroaches
  4 goblins
  3 hobgoblins
  5 kobolds
  A quokka (D:2)
  A bat (D:1)
  2 frilled lizards
  2 rats (D:1)
25 creatures vanquished.

Notes
Turn   | Place    | Note
-------+----------+-------------------------------------------
     0 | D:1      | sking99 the Octopode Transmuter began the quest for the Orb.
     0 | D:1      | Reached XP level 1. HP: 13/13 MP: 3/3
    90 | D:1      | Reached XP level 2. HP: 10/18 MP: 3/5
   939 | D:2      | Noticed Sigmund
  1179 | D:2      | Reached XP level 3. HP: 9/23 MP: 4/6
  1470 | D:2      | Learned a level 2 spell: Sticks to Snakes
  1474 | D:2      | Learned a level 3 spell: Spider Form
  1726 | D:2      | Slain by a gnoll

Vault maps used:
D:1:      dpeg_arrival_stonehenge_8_columns
D:2:      serial_curves, eino_curves_03, eino_curves_03, eino_curves_01,
          eino_curves_02, uniq_sigmund

Action                   || total
-------------------------++-------
Melee: Unarmed           ||    62
       Constrict         ||    20
       Tentacles         ||     9
       Kick              ||    12
       Punch             ||     2
 Cast: Beastly Appendage ||    14
       Spider Form       ||     1
 Stab: Sleeping          ||     5
  Eat: Chunk             ||     3
Armor: Skin              ||     6
Dodge: Dodged            ||    45

Table legend:
 A = Spawn XP
 B = Non-spawn XP
 C = Spawn XP percentage of total XP
 D = Spawn monster count
 E = Non-spawn monster count
 F = Spawn count percentage of total count
 G = Total turns spent on level
                    A         B        C        D         E        F      G
               +---------+---------+-------+---------+---------+-------+---------
         Total |       0 |      63 |   0.0 |       0 |      25 |   0.0 |  1726
               +---------+---------+-------+---------+---------+-------+---------
           D:1 |       0 |      27 |   0.0 |       0 |      14 |   0.0 |  1125
           D:2 |       0 |      36 |   0.0 |       0 |      11 |   0.0 |   601
               +---------+---------+-------+---------+---------+-------+---------
